 Dungeon Crawl Stone Soup version 0.23-a0-650-ga4d50d4 (webtiles) character file.

21 Amnesiac the Magician (level 2, -3/11 HPs)
             Began as a Felid Earth Elementalist on Jan 5, 2019.
             Slain by a bullfrog zombie (7 damage)
             ... on level 5 of the Dungeon.
             The game lasted 00:02:09 (641 turns).

Amnesiac the Magician (Felid Earth Elementalist)     Turns: 641, Time: 00:02:09

Health: -3/11      AC:  1    Str:  4    XL:     2   Next: 62%
Magic:  2/6        EV: 18    Int: 16    God:
Gold:   26         SH:  0    Dex: 16    Spells: 3/6 levels left
                                        Lives:  0   Deaths: 0

rFire    . . .     SeeInvis +   (weapon unavailable)
rCold    . . .     Gourm    .   (shield unavailable)
rNeg     . . .     Faith    .   (armour unavailable)
rPois    .         Spirit   .   (helmet unavailable)
rElec    .         Reflect  .   (cloak unavailable)
rCorr    .         Harm     .   (gloves unavailable)
MR       .....                  (boots unavailable)
Stlth    +++.......             (no amulet)
HPRegen  0.03/turn              (no ring)
MPRegen  0.10/turn              (no ring)

@: quick
A: very small, no armour, no weapons or thrown items, stealth, claws 1, fangs 3,
see invisible, carnivore, speed 1, shaggy fur 1, slow metabolism 1, sharp paws
a: no special abilities


You were on level 5 of the Dungeon.
You were full.

You visited 1 branch of the dungeon, and saw 5 of its levels.

You collected 26 gold pieces.

Inventory:

Missiles
 b - 50 stones
Scrolls
 a - a scroll of immolation {!r, unknown}
 d - a scroll of blinking {!r, unknown}
 e - a scroll of noise {!r, unknown}
 g - a scroll of teleportation {!r, unknown}
Potions
 f - a potion of curing {!q, unknown}
Comestibles
 c - 2 rations


   Skills:
 - Level 2.6 Dodging
 - Level 2.6 Stealth
 + Level 2.8 Spellcasting
 + Level 1.3 Transmutations
 + Level 2.8 Earth Magic


You had 3 spell levels left.
You knew the following spells:

 Your Spells              Type           Power        Failure   Level  Hunger
a - Sandblast             Erth           ##....       6%          1    #......
b - Passwall              Tmut/Erth      #.......     12%         2    ##.....

Your spell library contained the following spells:

 Spells                   Type           Power        Failure   Level  Hunger
 Stone Arrow              Conj/Erth      #.....       32%         3    ###....
 Petrify                  Tmut/Erth      #.......     61%         4    #####..
 Lee's Rapid Deconstruct  Erth           ##........   85%         5    ######.


Dungeon Overview and Level Annotations

Branches:
Dungeon (5/15)
 Temple: D:4-7

Altars:


Innate Abilities, Weirdness & Mutations

You cannot wear armour.
You are incapable of wielding weapons or throwing items.
Your paws allow you to move quietly. (Stealth)
You have sharp claws.
You have razor-sharp teeth.
You have supernaturally acute eyesight. (SInv)
You are carnivorous and can eat meat at any time.
You cover ground quickly.
You are covered in fur. (AC +1)
You have a slow metabolism.
Your sharp claws are effective at attacking unaware monsters.


Message History

You now have 26 gold pieces (gained 13).
A shadow imp comes into view.
A shadow imp is nearby!
The shadow imp shouts, "Flounder, thou pecksniffian bat-fowling tiddler!"
You start waiting.
The shadow imp is too close now for your liking.
Unknown command.
Casting: Sandblast (safe; 6% risk of failure)
Confirm with . or Enter, or press ? or * to list all spells.
Aiming: Sandblast (safe; 6% risk of failure)
Press: ? - help, Shift-Dir - straight line, f - shadow imp
Aim: a shadow imp The blast of sand hits the shadow imp.
You kill the shadow imp!
b - 54 stones Unknown command.
Found 8 gold pieces.
A bullfrog zombie comes into view.
A jelly comes into view.
Casting: Sandblast (safe; 6% risk of failure)
Confirm with . or Enter, or press ? or * to list all spells.
Aiming: Sandblast (safe; 6% risk of failure)
Press: ? - help, Shift-Dir - straight line, f - bullfrog zombie
Aim: a bullfrog zombie (hasn't noticed you)
The blast of sand hits the bullfrog zombie.
The bullfrog zombie is moderately damaged.
b - 53 stones The jelly quivers.
Unknown command.
Casting: Sandblast (safe; 6% risk of failure)
Confirm with . or Enter, or press ? or * to list all spells.
Aiming: Sandblast (safe; 6% risk of failure)
Press: ? - help, Shift-Dir - straight line, f/p - bullfrog zombie
Aim: a bullfrog zombie (moderately damaged)
The blast of sand hits the bullfrog zombie.
The bullfrog zombie is heavily damaged.
b - 52 stones The bullfrog zombie hits you.
Ouch! That really hurt!
* * * LOW HITPOINT WARNING * * *
Unknown command.
Found 21 gold pieces.
Casting: Sandblast (safe; 6% risk of failure)
Confirm with . or Enter, or press ? or * to list all spells.
Aiming: Sandblast (safe; 6% risk of failure)
Press: ? - help, Shift-Dir - straight line, f/p - bullfrog zombie
Aim: a bullfrog zombie (heavily damaged)
The blast of sand hits the bullfrog zombie.
The bullfrog zombie is heavily damaged.
b - 51 stones The bullfrog zombie hits you.
* * * LOW HITPOINT WARNING * * *
Unknown command.
Casting: Sandblast (safe; 6% risk of failure)
Confirm with . or Enter, or press ? or * to list all spells.
Aiming: Sandblast (safe; 6% risk of failure)
Press: ? - help, Shift-Dir - straight line, f/p - bullfrog zombie
Aim: a bullfrog zombie (heavily damaged)
The blast of sand hits the bullfrog zombie.
The bullfrog zombie is almost destroyed.
b - 50 stones The bullfrog zombie hits you!
Ouch! That really hurt!
You die...

#. # #. . #.#.########
### #.#.#........# ###.#
....J.......# #.#..
#.#$........########.#..
#...............##...#.#
##....Z.........##.#<...
#....#@........##.#....
#....#....##.#.##...#.#
#....#....##.#.##.#...#
#....#....##.#....###.#
#....##.#.##.###### #..
#.... #.#....# ### ###..
.# #... $# ..


You could see a jelly and a bullfrog zombie.

Vanquished Creatures
  A shadow imp (D:5)
  A worm (D:2)
  2 giant cockroaches (D:1)
  2 goblins
  2 hobgoblins
  A kobold (D:2)
  A rat (D:2)
10 creatures vanquished.

Notes
Turn   | Place    | Note
-------+----------+-------------------------------------------
     0 | D:1      | Amnesiac the Felid Earth Elementalist began the quest for
                  | the Orb.
     0 | D:1      | Reached XP level 1. HP: 7/7 MP: 4/4
   255 | D:2      | Reached XP level 2. HP: 11/11 MP: 2/6
   263 | D:2      | Learned a level 2 spell: Passwall
   587 | D:5      | Entered Level 5 of the Dungeon
   641 | D:5      | Slain by a bullfrog zombie

Vault maps used:
D:1:      roderic_dead_forest, serial_bayou_pond_d, skrybe_limestone_x
D:2:      nicolae_overflow_hidden_temple, first_ration, kennysheep_another_room
D:3:      minmay_stone_trees_small
D:4:      cheibriados_altar_1, serial_shops, shop_fountains,
          hangedman_abyss_or_decor_lesser_grid, grunt_gozag_breadcrumbs
D:5:      kennysheep_vampire_church, okawaru_ov_weapons_minmay, basic_altar

Action                   || total
-------------------------++-------
Melee: Unarmed           ||     4
 Cast: Sandblast         ||    24
 Stab: Sleeping          ||     1
  Eat: Chunk             ||     4
Dodge: Dodged            ||    10

Table legend:
 A = Non-vault XP
 B = Vault XP
 C = Vault XP percentage of total XP
 D = Non-vault monster count
 E = Vault monster count
 F = Vault count percentage of total count
                 A         B        C        D         E       F
            +---------+---------+-------+---------+---------+-------
      Total |      30 |       0 |   0.0 |      10 |       0 |   0.0
            +---------+---------+-------+---------+---------+-------
        D:1 |       8 |       0 |   0.0 |       4 |       0 |   0.0
        D:2 |      11 |       0 |   0.0 |       5 |       0 |   0.0
        D:5 |      11 |       0 |   0.0 |       1 |       0 |   0.0
            +---------+---------+-------+---------+---------+-------
